 Dungeon Crawl Stone Soup version 0.29.1 (webtiles) character file.

Game seed: 2221953083118331363

5618 mortz the Thaumaturge (level 11, -3/68 HPs)
             Began as a Djinni Fire Elementalist on Sept 11, 2022.
             Was a Priest of Dithmenos.
             Killed by an exploding vampire mosquito (15 damage)
             ... ignited by their inner flame
             ... on level 11 of the Dungeon on Sept 12, 2022.
             The game lasted 00:55:27 (12228 turns).

mortz the Thaumaturge (Djinni Fire Elementalist)   Turns: 12228, Time: 00:55:28

Health: -3/68      AC: 10    Str:  7    XL:     11   Next: 3%
Gold:   491        EV: 12    Int: 26    God:    Dithmenos [***...] SH:  9 Dex: 15

rFire   + + .      SeeInvis .   F - +0 dagger (elec)
rCold   x . .      Faith    .   M - +2 kite shield
rNeg    . . .      Spirit   .   J - +0 steam dragon scales
rPois   ∞          Reflect  .   (no helmet)
rElec   .          Harm     .   f - +0 cloak
rCorr   .          Rampage  .   (no gloves)
Will    +....                   (boots unavailable)
Stlth   +++++.....              (no amulet)
HPRegen 0.21/turn               D - +4 ring of protection
MPRegen 0.00/turn               r - +6 ring of intelligence

@: marked, flying, very slightly contaminated, wreathed by umbra
A: sickness immunity, fire resistance 2, cold vulnerability 1, float, innate
caster, HP casting, extra vitality 1
a: Renounce Religion, Shadow Step


You were on level 11 of the Dungeon.
You worshipped Dithmenos.
Dithmenos was most pleased with you.
You visited 1 branch of the dungeon, and saw 10 of its levels.

You collected 491 gold pieces.

Inventory:

Hand Weapons
 b - a +1 dagger of venom
 c - a +1 dagger of flaming
 k - the +6 war axe of Frustration {elec, *Corrode rF++ Str+10}
   (You found it on level 8 of the Dungeon)

   It occasionally discharges a powerful burst of electricity upon striking a
   foe.
   Str:       It affects your strength (+10).
   rF:        It greatly protects you from fire.
   *Corrode:  It may corrode you when you take damage.
 F - a +0 dagger of electrocution (weapon)
 O - the +8 whip of Nuqeyg {freeze, Will+}
   (You found it on level 8 of the Dungeon)

   It freezes those it strikes, dealing additional cold damage.
   It can also slow down cold-blooded creatures.
   Will:      It increases your willpower.
Missiles
 t - 39 poisoned darts
 z - a throwing net
Armour
 f - a +0 cloak (worn)
 E - the +1 robe of Agoraphobia {Int+4}
   (You found it on level 5 of the Dungeon)

   Int:       It affects your intelligence (+4).
 H - a +2 ring mail of poison resistance
 J - +0 steam dragon scales (worn)
 M - a +2 kite shield (worn)
Magical Staves
 a - a staff of fire
Jewellery
 r - a +6 ring of intelligence (right hand)
 u - a ring of resist corrosion
 y - a +6 ring of strength
 D - a +4 ring of protection (left hand)
 G - a +6 ring of dexterity
Wands
 n - a wand of flame (34)
 q - a wand of roots (12)
 B - a wand of charming (7)
 K - a wand of mindburst (11)
Scrolls
 o - a scroll of brand weapon
 s - 2 scrolls of poison
 I - a scroll of teleportation
 L - a scroll of blinking
 N - a scroll of enchant weapon
Potions
 d - a potion of cancellation
 e - 3 potions of invisibility
 g - a potion of heal wounds
 h - 4 potions of curing
 i - 4 potions of haste
 j - a potion of attraction
 l - 3 potions of mutation
 m - a potion of magic {unknown}
 p - a potion of berserk rage {unknown}
 v - 2 potions of might
 A - 2 potions of brilliance {unknown}


   Skills:
 + Level 1.9 Fighting
 + Level 0.6 Short Blades
 + Level 4.6 Dodging
 * Level 6.3 Stealth
 + Level 0.4 Shields
 + Level 10.3 Spellcasting
 + Level 3.0 Invocations


You had 4 spell levels left.
You knew the following spells:

 Your Spells              Type           Power      Damage    Failure   Level
a - Foxfire               Conj/Fire      100%       2x1d9     1%          1
b - Scorch                Fire           100%       2d10      1%          2
c - Conjure Flame         Conj/Fire      61%        6-21      1%          3
d - Inner Flame           Hex/Fire       61%        N/A       1%          3
e - Summon Small Mammal   Summ           100%       N/A       1%          1
f - Flame Wave            Conj/Fire      61%        2d14      2%          4
g - Gell's Gravitas       Tloc           61%        N/A       1%          3
h - Tukima's Dance        Hex            61%        N/A       1%          3
i - Summon Ice Beast      Ice/Summ       61%        N/A       2%          4
j - Poisonous Vapours     Pois/Air       100%       N/A       1%          2
Your spell library was empty.

Dungeon Overview and Level Annotations

Branches:
Dungeon (9/15) Zot: 26983  Temple (0/1) D:6
   Lair: D:8-11         Orc: D:9-12

Altars:
Cheibriados
Dithmenos
Elyvilon
Gozag
Makhleb
Nemelex Xobeh
Qazlal
Ru
Trog
Uskayaw
Xom
Yredelemnul
Zin

Shops:
D:3 (   D:4 *   D:8 [

Annotations:
D:8 2 transporters, Fractals's ghost, novice KoBr


Innate Abilities, Weirdness & Mutations

You are immune to sickness and miasma.
You are immune to poison.
Your flesh is very heat resistant. (rF++)
You are vulnerable to cold. (rC-)
You float through the air rather than walking.
You learn spells naturally, not from books.
Your magical power is your life essence.
You have superior vitality. (+4 MHP)


Message History

The acid dragon barely misses you.
The acid dragon claws you but does no damage.
Casting: Summon Ice Beast (dangerous; 2% risk of failure)
Confirm with . or Enter, or press ? or * to list all spells.
Casting: Flame Wave (dangerous; 2% risk of failure)
Press: ? - help, Dir - look around, f - activate A wave of flame ripples out!
The flame wave engulfs the vampire mosquito!
Flame seeps out of the vampire mosquito.
The vampire mosquito is severely damaged.
The flame wave engulfs the vampire mosquito!
Flame seeps out of the vampire mosquito.
The vampire mosquito is heavily damaged.
The flame wave engulfs the acid dragon!!
Flame seeps out of the acid dragon.
The acid dragon is severely wounded. (Press . to intensify the flame waves.)
The vampire mosquito is engulfed in blazing flames.
Flame seeps out of the vampire mosquito.
The vampire mosquito bites you.
The vampire mosquito is engulfed in blazing flames.
Flame seeps out of the vampire mosquito.
The vampire mosquito barely misses you.
A cyan ugly thing comes into view.
The vampire mosquito is engulfed in blazing flames.
Flame seeps out of the vampire mosquito.
The vampire mosquito bites you!
* * * LOW HITPOINT WARNING * * *
The vampire mosquito is engulfed in blazing flames.
Dithmenos accepts your kill.
The vampire mosquito explodes!
The fiery explosion engulfs the vampire mosquito!!
Dithmenos accepts your kill. The fiery explosion engulfs you. You resist.
* * * LOW HITPOINT WARNING * * *
The vampire mosquito explodes!
The fiery explosion engulfs the acid dragon!!
Dithmenos accepts your kill. The fiery explosion engulfs you! You resist.
You die...

#....###.
#).o#../# ..
#.......#..
#...)...#.
#.......u## ..
#.T.......#...
#.........#... .
##@§g.......###.#
#○○○g.g..........
#§§§..#.g........
#.h...#.....D..#
##...##........#.
#...##..........
#Jc.##########..
Y...# ##.###


You could see a cyan ugly thing, a slime creature (inner flame), a yak, a troll
(inner flame), an orc warrior (inner flame), a black bear (inner flame), a gnoll
sergeant (inner flame), a centaur (inner flame) and 3 gnolls.

Vanquished Creatures
  Joseph (D:7)
  A komodo dragon (D:9)
  A hornet (D:8)
  A shadow (D:7)
  Sigmund (D:6)
  5 yaks (D:8)
  A wraith (D:9)
  A steam dragon (D:7)
  5 vampire mosquitoes
  Menkaure (D:5)
  2 acid dragons
  An ice beast (D:6)
  2 orc warriors
  A sky beast (D:8)
  An ogre (D:5)
  A phantom (D:6)
  Blork the orc (D:6)
  3 kobold brigands
  2 bullfrogs
  6 scorpions
  3 necrophages
  4 killer bees (D:8)
  4 howler monkeys
  A crimson imp (D:8)
  A jelly (D:5)
  2 gnoll boudas
  2 orc priests
  Crazy Yiuf (D:3)
  6 hounds
  Terence (D:2)
  6 iguanas
  6 orc wizards
  16 gnolls
  3 adders
  2 shadow imps
  A white imp (D:5)
  An ufetubus (D:5)
  3 worms
  A dart slug (D:3)
  22 orcs
  4 bats
  9 endoplasms
  9 hobgoblins
  3 jackals (D:4)
  4 quokkas
  10 ball pythons
  A frilled lizard (D:2)
  14 goblins
  21 kobolds
  5 rats
204 creatures vanquished.

Vanquished Creatures (collateral kills)
  A gnoll sergeant (D:9)
  An orc wizard (D:9)
2 creatures vanquished.

Vanquished Creatures (others)
  A quokka (D:8)
  361 foxfires
  4 plants (D:2)
366 creatures vanquished.

Grand Total: 572 creatures vanquished

Notes
Turn   | Place    | Note
-------+----------+-------------------------------------------
     0 | D:1      | mortz the Djinni Fire Elementalist began the quest for the
                  | Orb.
     0 | D:1      | mortz set off with the following spells memorised: Foxfire,
                  | Scorch, Conjure Flame, Inner Flame, Flame Wave.
     0 | D:1      | Reached XP level 1. HP: 15/15 MP: 0/0
   514 | D:1      | Reached XP level 2. HP: 20/21 MP: 0/0
   967 | D:1      | Reached skill level 3 in Spellcasting
   967 | D:1      | Reached XP level 3. HP: 24/25 MP: 0/0
   967 | D:1      | Learned a level 1 spell: Summon Small Mammal
  1505 | D:2      | Reached XP level 4. HP: 27/31 MP: 0/0
  1554 | D:2      | Found a shadowy altar of Dithmenos.
  1556 | D:2      | Noticed Terence
  1563 | D:2      | Killed Terence
  1571 | D:2      | Became a worshipper of Dithmenos the Shadowed
  2152 | D:2      | Noticed a golden eye
  2154 | D:2      | Found a faded altar of an unknown god.
  2156 | D:2      | Noticed an eye of devastation
  2156 | D:2      | Noticed a golden eye
  2156 | D:2      | Noticed a floating eye
  2244 | D:2      | Reached XP level 5. HP: 28/35 MP: 0/0
  2244 | D:2      | Learned a level 2 spell: Poisonous Vapours
  2769 | D:3      | Found a sparkling altar of Nemelex Xobeh.
  2867 | D:3      | Found a basalt altar of Yredelemnul.
  3178 | D:3      | Reached * piety under Dithmenos
  3238 | D:3      | Found Oleny's Weapon Emporium.
  3382 | D:3      | Found a runed translucent door.
  3383 | D:3      | Noticed Crazy Yiuf
  3393 | D:3      | Killed Crazy Yiuf
  3394 | D:3      | Reached skill level 4 in Spellcasting
  3923 | D:4      | Reached XP level 6. HP: 38/40 MP: 0/0
  4075 | D:4      | Found Zin's Purification Station.
  4076 | D:4      | Found a glowing silver altar of Zin.
  4889 | D:5      | Entered Level 5 of the Dungeon
  5112 | D:5      | Reached skill level 5 in Spellcasting
  5112 | D:5      | Reached XP level 7. HP: 27/46 MP: 0/0
  5112 | D:5      | Learned a level 3 spell: Tukima's Dance
  5517 | D:5      | Noticed Menkaure
  5519 | D:5      | Killed Menkaure
  5919 | D:5      | Reached ** piety under Dithmenos
  5930 | D:5      | Reached skill level 6 in Spellcasting
  5930 | D:5      | Reached XP level 8. HP: 40/51 MP: 0/0
  6103 | D:5      | Identified the +1 robe of Agoraphobia {Int+4}
  6401 | D:5      | Found a bloodstained altar of Trog.
  6405 | D:5      | Identified the +9 dagger of Nyugg {speed, rC+ Str+3 Int+3
                  | Dex+2}
  6408 | D:5      | Reached skill level 1 in Invocations
  6738 | D:6      | Noticed Sigmund
  6745 | D:6      | Reached skill level 1 in Fighting
  6746 | D:6      | Killed Sigmund
  6981 | D:6      | Found a snail-covered altar of Cheibriados.
  6982 | D:6      | Noticed a +0 dagger
  6983 | D:6      | Noticed a +0 dagger
  6985 | D:6      | Noticed a +0 short sword
  7040 | D:6      | Reached skill level 7 in Spellcasting
  7100 | D:6      | Noticed Blork the orc
  7108 | D:6      | Killed Blork the orc
  7109 | D:6      | Reached XP level 9. HP: 29/57 MP: 0/0
  7109 | D:6      | Learned a level 3 spell: Gell's Gravitas
  7328 | D:6      | Found a hide-covered altar of Uskayaw.
  7414 | D:6      | Found a shadowy altar of Dithmenos.
  7788 | D:6      | Found a staircase to the Ecumenical Temple.
  7829 | D:6      | Noticed a +0 short sword
  7830 | D:6      | Noticed a +0 spear
  7831 | D:6      | Noticed a +0 spear
  7831 | D:6      | Noticed a +0 falchion
  7832 | D:6      | Noticed a +0 falchion
  7938 | D:6      | Identified a scroll of acquirement
  7938 | D:6      | Acquired a staff of fire
  8176 | D:7      | Reached skill level 8 in Spellcasting
  8467 | D:7      | Noticed Joseph
  8477 | D:7      | Killed Joseph
  8478 | D:7      | Reached skill level 5 in Stealth
  8810 | D:7      | Reached XP level 10. HP: 57/62 MP: 0/0
  8951 | D:7      | Reached *** piety under Dithmenos
  8983 | D:7      | Found a stormy altar of Qazlal.
  9577 | D:8      | Found a burning altar of Makhleb.
  9577 | D:8      | Found a shimmering altar of Xom.
  9728 | D:8      | Found Roompeigh's Antique Armour Shoppe.
  9732 | D:8      | Reached skill level 9 in Spellcasting
  9737 | D:8      | Identified the +6 war axe of Frustration {elec, *Corrode
                  | rF++ Str+10}
 10289 | D:8      | Found a flagged portal.
 10656 | D:8      | Found a sacrificial altar of Ru.
 10977 | D:8      | Found an opulent altar of Gozag.
 11026 | D:8      | Identified the +8 whip of Nuqeyg {freeze, Will+}
 11064 | D:8      | Found a white marble altar of Elyvilon.
 11131 | D:8      | Found a transporter.
 11132 | D:8      | Noticed Fractals's ghost (novice KoBr)
 11136 | D:8      | Found a transporter.
 11236 | D:8      | Reached skill level 10 in Spellcasting
 11532 | D:8      | Upgraded the game from 0.29.0-15-g675c0067aa to 0.29.1
 11602 | D:9      | Noticed a komodo dragon
 11609 | D:9      | Killed a komodo dragon
 12016 | D:9      | Reached XP level 11. HP: 59/68 MP: 0/0
 12016 | D:9      | Learned a level 4 spell: Summon Ice Beast
 12212 | D:9      | You are sucked into a shaft and drop 2 floors!
 12228 | D:11     | Noticed a cyan ugly thing
 12228 | D:11     | Killed by an exploding vampire mosquito... ignited by their
                  | inner flame

Illustrated notes

Levels and vault maps discovered:
D:1:      minmay_arrival_doors, layout_loops_cross, minivault_11
D:2:      layout_basic, hellmonk_ecumenical_altar_watching_god, basic_altar,
          serial_bayou_ford_a, interstate_on_off, uniq_terence
D:3:      layout_rooms, nemelex_dance_club_becter, yredelemnul_altar_generic,
          serial_shops, nicolae_shop_trees, amcnicky_mini_rare_corridor_liquid,
          uniq_crazy_yiuf_cottage
D:4:      layout_loops_cross, zin_purify, minmay_puff
D:5:      layout_basic, bloody_trog, minivault_5, uniq_menkaure
D:6:      layout_basic, nicolae_uskayaw_en_pointe,
          mainiacjoe_overflow_small_starburst, lemuel_crystal_altar,
          cheibriados_altar_1, minmay_temple_entry_mist, serial_park_tiny_1,
          uniq_blork_the_orc, uniq_sigmund
D:7:      layout_basic, lemuel_doored_altar, uniq_joseph
D:8:      layout_loops_ring, grunt_temple_overflow_champion_of_chaos,
          grunt_gozag_breadcrumbs, nicolae_ru_sacrificial_ziggurat,
          elyvilon_altar_4, gammafunk_ghost_hive, serial_shops, shop,
          enter_bailey_5
D:9:      kennysheep_blocky_hall, layout_basic, minmay_quadrilaterals,
          uniq_harold
D:11:     layout_basic, david_lair_generic, minmay_orc_entry_guard_dogs,
          nicolae_titane

Skill      XL: |  1  2  3  4  5  6  7  8  9 10 |
---------------+-------------------------------+-----
Spellcasting   | 3 4 5 6 7 8 10 | 10.3
Stealth        | 2 3 4 5 6 |  6.3
Dodging        | 3 4 |  4.6
Invocations    | 2 3 |  3.0
Fighting       | 1 |  1.9
Short Blades   | |  0.6
Shields        | |  0.4

Action                   |  1- 3 |  4- 6 |  7- 9 | 10-12 || total
-------------------------+-------+-------+-------+-------++-------
Melee: Unarmed           |     3 |       |       |       ||     3
       Dagger            |     4 |     7 |     5 |    11 ||    27
       Staff             |       |       |       |     3 ||     3
 Cast: Foxfire           |    35 |    57 |    70 |    43 ||   205
       Scorch            |     2 |    37 |    59 |    44 ||   142
       Poisonous Vapours |       |     7 |     8 |     2 ||    17
       Flame Wave        |       |       |     3 |     7 ||    10
       Summon Small Mamm |       |       |     1 |     1 ||     2
       Gell's Gravitas   |       |       |       |     1 ||     1
       Summon Ice Beast  |       |       |       |     2 ||     2
  Use: Scroll            |     3 |    13 |     4 |     4 ||    24
       Potion            |       |       |       |     1 ||     1
 Stab: Sleeping          |       |     6 |     3 |     5 ||    14
Armor: Robe              |     1 |     3 |     6 |       ||    10
       Steam dragon scal |       |       |       |    14 ||    14
Dodge: Dodged            |     8 |    15 |    29 |    56 ||   108
Block: Kite shield       |       |       |       |    19 ||    19
